 Dungeon Crawl Stone Soup version 0.28.0-45-g0d030f2227 (webtiles) character file.

Game seed: 5742799597424633790

32 101zpm the Chiller (level 3, 0/19 HPs)
             Began as a Deep Elf Ice Elementalist on Apr 20, 2022.
             Slain by a worm (6 damage)
             ... on level 2 of the Dungeon.
             The game lasted 00:01:27 (498 turns).

101zpm the Chiller (Deep Elf Ice Elementalist)       Turns: 498, Time: 00:01:29

Health: 0/19       AC:  2    Str:  5    XL:     3   Next: 10%
Magic:  4/10       EV: 13    Int: 21    God:
Gold:   22         SH:  0    Dex: 15    Spells: 8/9 levels left

rFire   . . .      SeeInvis .   (no weapon)
rCold   . . .      Faith    .   (no shield)
rNeg    . . .      Spirit   .   a - +0 robe
rPois   .          Reflect  .   (no helmet)
rElec   .          Harm     .   (no cloak)
rCorr   .          Rampage  .   (no gloves)
Will    .....                   (no boots)
Stlth   ++........              (no amulet)
HPRegen 0.06/turn               (no ring)
MPRegen 0.12/turn               (no ring)

@: no status effects
A: no striking features
a: no special abilities


You were on level 2 of the Dungeon.
You visited 1 branch of the dungeon, and saw 2 of its levels.

You collected 22 gold pieces.

Inventory:

Armour
 a - a +0 robe (worn)
Scrolls
 c - a scroll of fear {unknown}
 d - a scroll of immolation {unknown}
Potions
 b - a potion of heal wounds {unknown}


   Skills:
 + Level 2.7 Dodging
 + Level 2.5 Stealth
 + Level 3.7 Spellcasting
 + Level 5.0 Ice Magic


You had 8 spell levels left.
You knew the following spells:

 Your Spells              Type           Power      Damage    Failure   Level
a - Freeze                Ice            100%       1d11      1%          1

Your spell library contained the following spells:

 Spells                   Type           Power      Damage    Failure   Level
 Frozen Ramparts          Ice            50%        1d7       4%          3
 Ozocubu's Armour         Ice            25%        N/A       4%          3
 Hailstorm                Conj/Ice       14%        3d5       41%         4


Dungeon Overview and Level Annotations

Branches:
Dungeon (2/15)

Altars:


Message History

Unknown command.
Aiming: Freeze (safe; 1% risk of failure)
Press: ? - help, Q - select action Shift-Dir - straight line, f/p - worm
Aim: a worm (heavily wounded)
You freeze the worm.
The worm is severely wounded.
The worm bites you but does no damage.
Aiming: Freeze (safe; 1% risk of failure)
Press: ? - help, Q - select action Shift-Dir - straight line, f/p - worm
Aim: a worm (severely wounded)
You freeze the worm!
You kill the worm!
You can't see any susceptible monsters within range! (Use Z to cast anyway.)
A goblin comes into view. It is wielding a +0 club.
A goblin is nearby!
A goblin is nearby!
The goblin shouts!
A worm comes into view.
The goblin hits you with a +0 club.
Aiming: Freeze (safe; 1% risk of failure)
Press: ? - help, Q - select action Shift-Dir - straight line, f - goblin
Aim: a goblin, wielding a +0 club and quivering stones You freeze the goblin!
You kill the goblin!
You hit the worm.
The worm is lightly wounded.
Aiming: Freeze (safe; 1% risk of failure)
Press: ? - help, Q - select action Shift-Dir - straight line, f - worm
Aim: a worm (lightly wounded)
You freeze the worm!
The worm is severely wounded.
The worm bites you!
Ouch! That really hurt!
Aiming: Freeze (safe; 1% risk of failure)
Press: ? - help, Q - select action Shift-Dir - straight line, f/p - worm
Aim: a worm (heavily wounded)
You freeze the worm.
The worm is severely wounded.
The worm bites you.
You die...

##########..)..........
#.†....†...##########..
#.########### #..
#...........## #..
##............# ###
#.†............
#..............
#......).......###
#......@.......... ##
#.......w......#...
##.. ##............#
... #..# ##..........##
#.##.# #..######..##
#..#.## #..## #...
#...... #.# ###.
#..<.## #. ##...##
#.#...


You could see a worm.

Vanquished Creatures
  An adder (D:2)
  A worm (D:2)
  A dart slug (D:1)
  2 ball pythons (D:2)
  2 giant cockroaches (D:2)
  3 goblins
  A hobgoblin (D:2)
  5 jackals (D:2)
16 creatures vanquished.

Notes
Turn   | Place    | Note
-------+----------+-------------------------------------------
     0 | D:1      | 101zpm the Deep Elf Ice Elementalist began the quest for
                  | the Orb.
     0 | D:1      | Reached XP level 1. HP: 10/10 MP: 6/6
   195 | D:2      | Reached XP level 2. HP: 14/15 MP: 4/8
   322 | D:2      | Reached skill level 5 in Ice Magic
   472 | D:2      | Reached XP level 3. HP: 19/19 MP: 8/10
   498 | D:2      | Slain by a worm

Illustrated notes

Levels and vault maps discovered:
D:1:      enne_arrival_octagon_isle, layout_basic,
          nicolae_ecumenical_lake_church
D:2:      layout_rooms

Skill      XL: |  1  2 |
---------------+-------+-----
Ice Magic      | 5 |  5.0
Dodging        | |  2.7
Stealth        | |  2.5
Spellcasting   | |  3.7

Action                   || total
-------------------------++-------
Melee: Unarmed           ||     5
 Cast: Freeze            ||    28
Armor: Robe              ||     4
Dodge: Dodged            ||    13
